 Dungeon Crawl Stone Soup version 0.28.0-43-g3370ac3207 (webtiles) character file.

Game seed: 5088195086188405306

184 svpixel the Slasher (level 5, 0/48 HPs)
             Began as a Hill Orc Fighter on Mar 16, 2022.
             Succumbed to an adder's poison
             ... on level 3 of the Dungeon.
             The game lasted 00:18:29 (2334 turns).

svpixel the Slasher (Hill Orc Fighter)              Turns: 2334, Time: 00:18:30

Health: 0/48       AC:  6    Str: 27    XL:     5   Next: 64%
Magic:  5/5        EV: 10    Int:  8    God:
Gold:   123        SH:  4    Dex: 10    Spells: 4/4 levels left

rFire   . . .      SeeInvis .   a - +0 long sword
rCold   . . .      Faith    .   c - +0 buckler
rNeg    . . .      Spirit   .   h - +3 leather armour
rPois   .          Reflect  .   (no helmet)
rElec   .          Harm     .   (no cloak)
rCorr   .          Rampage  .   (no gloves)
Will    .....                   (no boots)
Stlth   +.........              (no amulet)
HPRegen 0.16/turn               i - +6 ring of strength
MPRegen 0.09/turn               (no ring)

@: lethally poisoned (0 -> -2)
A: no striking features
a: no special abilities


You were on level 3 of the Dungeon.
You visited 1 branch of the dungeon, and saw 3 of its levels.

You collected 123 gold pieces.

Inventory:

Hand Weapons
 a - a +0 long sword (weapon)
Missiles
 e - 5 poisoned darts (quivered)
 f - 5 atropa-tipped darts
 j - 15 bolts
 o - 28 stones
Armour
 b - a +0 scale mail
 c - a +0 buckler (worn)
 h - a +3 leather armour (worn)
Jewellery
 i - a +6 ring of strength (left hand)
Scrolls
 g - a scroll of teleportation
 m - a scroll of fear {unknown}
 n - a scroll of blinking
 p - a scroll of holy word {unknown}
Potions
 d - a potion of might
 l - a potion of haste


   Skills:
 + Level 5.1 Fighting
 * Level 5.3 Long Blades
 - Level 3.2 Armour
 - Level 3.2 Shields


You had 4 spell levels left.
You didn't know any spells.
Your spell library contained the following spells:

 Spells                   Type           Power      Damage    Failure   Level
 Beastly Appendage        Tmut           0%         N/A       54%         1
 Wereblood                Tmut           0%         N/A       67%         2
 Spider Form              Tmut/Pois      0%         N/A       88%         3


Dungeon Overview and Level Annotations

Branches:
Dungeon (3/15)

Altars:
Xom


Message History

The adder is moderately wounded.
You feel sick. You block the adder's attack.
The adder bites you but does no damage.
You closely miss the adder.
The adder is moderately wounded.
You feel sick. The adder bites you but does no damage.
You barely miss the adder.
The adder is moderately wounded.
You feel sick. The adder bites you but does no damage.
The adder barely misses you.
You closely miss the adder.
The adder is lightly wounded.
You feel sick. The adder bites you but does no damage.
You barely miss the adder.
The adder is lightly wounded.
You feel sick. The adder bites you.
* * * LOW HITPOINT WARNING * * *
The adder bites you.
* * * LOW HITPOINT WARNING * * *
You are lethally poisoned!
The adder poisons you!
Okay, then.
You barely miss the adder.
The adder is lightly wounded.
* * * LOW HITPOINT WARNING * * *
You feel sick. The adder bites you but does no damage.
You slash the adder!
You kill the adder!
* * * LOW HITPOINT WARNING * * *
You feel sick.
* * * LOW HITPOINT WARNING * * *
You feel sick.
You see here an adder corpse.
* * * LOW HITPOINT WARNING * * *
You feel sick.
* * * LOW HITPOINT WARNING * * *
You feel sick.
There is an open door here.
Items here: ) ? [ †.
You die...

#.......# #.### #.......# #.#
..# #.......###.## #..##
#............# ##...##
#######......# '...' #..#
#.####.# #..S# #..# #....#.##
#+### #.o.#####'####..#....#
+.....#...#....@)..######..#.#
#.....#...#.....#†.#.........#
#.....'...'.....####.#########
#.....#...#.....# #.# +....
#...#.....'..#.#
#+#####...#####'####.#
#..#...#..#..#....#
#..'...'..#..#.####
####..†#######.#


There were no monsters in sight!

Vanquished Creatures
  2 orc wizards (D:3)
  8 adders
  2 dart slugs (D:2)
  3 orcs (D:3)
  8 ball pythons
  3 endoplasms
  2 giant cockroaches (D:2)
  4 goblins
  3 hobgoblins
  10 jackals
  2 quokkas
  2 bats
  A frilled lizard (D:1)
  5 kobolds
  3 rats (D:1)
58 creatures vanquished.

Notes
Turn   | Place    | Note
-------+----------+-------------------------------------------
     0 | D:1      | svpixel the Hill Orc Fighter began the quest for the Orb.
     0 | D:1      | Reached XP level 1. HP: 19/19 MP: 1/1
    67 | D:1      | Reached XP level 2. HP: 11/27 MP: 2/2
   874 | D:2      | Reached XP level 3. HP: 28/33 MP: 3/3
  1233 | D:2      | Found a shimmering altar of Xom.
  1387 | D:2      | Reached XP level 4. HP: 41/41 MP: 4/4
  1999 | D:3      | Reached XP level 5. HP: 16/47 MP: 5/5
  2000 | D:3      | Reached skill level 5 in Fighting
  2000 | D:3      | Reached skill level 5 in Long Blades
  2332 | D:3      | HP: 2/48 [poisoned by an adder]
  2334 | D:3      | Succumbed to an adder's poison

Illustrated notes

Levels and vault maps discovered:
D:1:      saegor_arrival_simple_d, layout_basic
D:2:      layout_basic, basic_altar
D:3:      layout_basic, nicolae_hepliaklqana_monster_ancestors,
          cheibrodos_sewer_entry_bend, minmay_snake_closets

Skill      XL: |  1  2  3  4  5 |
---------------+----------------+-----
Long Blades    | 3 4 5 |  5.3
Fighting       | 4 5 |  5.1
Armour         | |  3.2
Shields        | |  3.2

Action                   |  1- 3 |  4- 6 || total
-------------------------+-------+-------++-------
Melee: Long sword        |    74 |   124 ||   198
Throw: Dart              |    10 |     2 ||    12
  Use: Scroll            |     3 |     1 ||     4
Armor: Scale mail        |    19 |       ||    19
       Leather armour    |    30 |    56 ||    86
Dodge: Dodged            |    53 |    72 ||   125
Block: Buckler           |    22 |    17 ||    39
